General information
- name: BNet
- type: Ladder team game (AT/RT)
- host: Battle.net
- saver: ImHereImQueer69
map: Northshire_LV
- players: 8
- length: 14:54
- speed: Fast
- version: 1.29 W3XP
- replay type: Public
» download(140 KB)
Players
team 1 (winner)
watwatinthebutt (
orange | 122 APM | 1815 actions | 14:54)
5 Mountain King
3 Storm Bolt
2 Bash
» actions
| Assign group hotkey | 171 | |
| Basic commands | 80 | |
| Build / train | 82 | |
| ESC pressed | 3 | |
| Enter build submenu | 37 | |
| Enter hero's abilities submenu | 5 | |
| Give item / drop item | 3 | |
| Right click | 572 | |
| Select / deselect | 340 | |
| Select group hotkey | 421 | |
| Use ability | 101 | |
1815 total
» units
| Peasant | 19 | |
| Footman | 9 | |
| Goblin Shredder | 3 | |
| Goblin Zeppelin | 1 | |
| Forest Troll High Priest | 2 | |
| Kobold Geomancer | 2 | |
| Assassin | 2 | |
| Rogue | 2 | |
| Flying Machine | 2 | |
42 total
» upgrades
| Masonry | 1 | |
| Long Rifles | 1 | |
| Gunpowder | 1 | |
3 total
» buildings
| Altar of Kings | 1 | |
| Farm | 8 | |
| Barracks | 3 | |
| Scout Tower | 11 | |
| Town Hall | 1 | |
| Arcane Vault | 1 | |
| Arcane Tower | 5 | |
| Blacksmith | 2 | |
| Lumber Mill | 1 | |
| Keep | 2 | |
| Guard Tower | 11 | |
| Workshop | 1 | |
| Castle | 2 | |
| Cannon Tower | 2 | |
51 total
» build order
00:03 Altar of Kings
00:07 Farm
00:16 Barracks
00:44 Farm
02:50 Scout Tower
02:54 Farm
03:52 Farm
04:25 Town Hall
04:30 Scout Tower
04:33 Arcane Vault
04:37 Arcane Tower
06:01 Farm
06:35 Scout Tower
06:48 Arcane Tower
06:48 Arcane Tower
08:05 Scout Tower
08:06 Scout Tower
08:08 Blacksmith
08:13 Blacksmith
08:31 Farm
08:40 Lumber Mill
08:53 Keep
08:54 Keep
09:03 Scout Tower
09:07 Scout Tower
09:08 Scout Tower
09:13 Guard Tower
09:19 Barracks
09:22 Barracks
09:46 Guard Tower
09:46 Guard Tower
10:18 Guard Tower
10:18 Guard Tower
10:18 Scout Tower
10:42 Farm
10:42 Farm
11:36 Workshop
11:38 Guard Tower
11:38 Guard Tower
11:49 Guard Tower
11:49 Guard Tower
11:50 Scout Tower
12:03 Scout Tower
12:04 Guard Tower
12:04 Guard Tower
13:33 Castle
13:33 Castle
13:35 Arcane Tower
13:35 Arcane Tower
13:40 Cannon Tower
13:40 Cannon Tower
» items
| Scroll of Regeneration | 2 | |
| Lesser Clarity Potion | 1 | |
| Potion of Lesser Invulnerability | 1 | |
| Scroll of Protection | 1 | |
| Scroll of Healing | 1 | |
6 total
C3N74UR (
yellow | 75 APM | 1123 actions | 14:54)
4 Death Knight
2 Death Coil
2 Unholy Aura
2 Pit Lord
1 Rain of Fire
1 Cleaving Attack
2 Dreadlord
1 Vampiric Aura
1 Sleep
» actions
| Assign group hotkey | 4 | |
| Basic commands | 71 | |
| Build / train | 63 | |
| ESC pressed | 2 | |
| Enter build submenu | 30 | |
| Enter hero's abilities submenu | 10 | |
| Give item / drop item | 4 | |
| Right click | 431 | |
| Select / deselect | 412 | |
| Select group hotkey | 9 | |
| Use ability | 86 | |
1123 total
» units
| Acolyte | 12 | |
| Ghoul | 5 | |
| Frost Wyrm | 5 | |
| Goblin Zeppelin | 1 | |
23 total
» upgrades
| Creature Carapace | 2 | |
| Creature Attack | 3 | |
| Freezing Breath | 1 | |
6 total
» buildings
| Altar of Darkness | 1 | |
| Ziggurat | 9 | |
| Crypt | 2 | |
| Nerubian Tower | 1 | |
| Graveyard | 1 | |
| Halls of the Dead | 1 | |
| Spirit Tower | 6 | |
| Tomb of Relics | 3 | |
| Black Citadel | 1 | |
| Sacrificial Pit | 1 | |
| Boneyard | 3 | |
29 total
» build order
00:09 Altar of Darkness
00:10 Ziggurat
00:42 Crypt
01:17 Crypt
01:28 Nerubian Tower
02:30 Ziggurat
03:04 Ziggurat
03:59 Graveyard
04:32 Halls of the Dead
05:40 Spirit Tower
05:41 Spirit Tower
06:05 Ziggurat
06:07 Ziggurat
06:13 Ziggurat
06:22 Ziggurat
06:25 Ziggurat
06:33 Tomb of Relics
06:44 Tomb of Relics
06:45 Tomb of Relics
07:01 Black Citadel
07:04 Sacrificial Pit
07:08 Spirit Tower
07:15 Spirit Tower
07:33 Spirit Tower
07:46 Spirit Tower
09:30 Boneyard
09:34 Boneyard
10:09 Boneyard
14:36 Ziggurat
» items
| Healing Salve | 1 | |
| Lesser Clarity Potion | 1 | |
| Potion of Lesser Invulnerability | 1 | |
| Circlet of Nobility | 1 | |
| Orb of Corruption | 2 | |
| Potion of Healing | 2 | |
| Scroll of Healing | 1 | |
9 total
Asar (
blue | 49 APM | 734 actions | 14:54)
4 Death Knight
2 Death Coil
2 Unholy Aura
1 Lich
1 Frost Nova
» actions
| Assign group hotkey | 19 | |
| Basic commands | 5 | |
| Build / train | 53 | |
| Enter build submenu | 26 | |
| Enter hero's abilities submenu | 5 | |
| Give item / drop item | 6 | |
| Remove unit from queue | 1 | |
| Right click | 169 | |
| Select / deselect | 173 | |
| Select group hotkey | 209 | |
| Use ability | 68 | |
734 total
» units
| Acolyte | 8 | |
| Ghoul | 7 | |
| Goblin Shredder | 2 | |
| Crypt Fiend | 3 | |
| Obsidian Statue | 2 | |
| Goblin Sapper | 3 | |
25 total
» upgrades
| Web | 1 | |
| Ghoul Frenzy | 1 | |
| Creature Attack | 1 | |
| Creature Carapace | 1 | |
4 total
» buildings
| Crypt | 2 | |
| Ziggurat | 8 | |
| Altar of Darkness | 1 | |
| Graveyard | 1 | |
| Tomb of Relics | 1 | |
| Halls of the Dead | 2 | |
| Necropolis | 3 | |
| Nerubian Tower | 3 | |
| Spirit Tower | 3 | |
| Black Citadel | 1 | |
| Slaughterhouse | 2 | |
| Sacrificial Pit | 1 | |
| Boneyard | 3 | |
31 total
» build order
00:14 Crypt
00:21 Ziggurat
00:56 Altar of Darkness
01:00 Graveyard
01:14 Ziggurat
02:00 Tomb of Relics
03:47 Halls of the Dead
04:41 Necropolis
06:05 Ziggurat
06:07 Ziggurat
06:50 Crypt
06:53 Nerubian Tower
07:01 Nerubian Tower
07:04 Spirit Tower
07:25 Black Citadel
08:07 Slaughterhouse
08:38 Spirit Tower
08:44 Ziggurat
08:46 Slaughterhouse
09:32 Sacrificial Pit
11:28 Boneyard
11:31 Boneyard
11:34 Boneyard
11:38 Ziggurat
12:12 Necropolis
13:05 Nerubian Tower
13:07 Spirit Tower
13:30 Necropolis
14:30 Ziggurat
14:35 Ziggurat
14:36 Halls of the Dead
» items
| Rod of Necromancy | 3 | |
| Orb of Corruption | 1 | |
| Potion of Mana | 1 | |
| Potion of Lesser Invulnerability | 1 | |
| Staff of Teleportation | 1 | |
7 total
.sk (
green | 83 APM | 1233 actions | 14:54)
4 Far Seer
2 Feral Spirit
2 Far Sight
2 Shadow Hunter
1 Healing Wave
1 Hex
1 Pandaren Brewmaster
1 Breath of Fire
» actions
| Assign group hotkey | 27 | |
| Basic commands | 156 | |
| Build / train | 57 | |
| Enter build submenu | 18 | |
| Enter hero's abilities submenu | 7 | |
| Give item / drop item | 9 | |
| Remove unit from queue | 12 | |
| Right click | 506 | |
| Select / deselect | 204 | |
| Select group hotkey | 181 | |
| Use ability | 56 | |
1233 total
» units
| Peon | 8 | |
| Grunt | 4 | |
| Wind Rider | 5 | |
| Goblin Shredder | 1 | |
| Shaman | 2 | |
20 total
» upgrades
» buildings
| Altar of Storms | 1 | |
| Orc Burrow | 6 | |
| Barracks | 1 | |
| Voodoo Lounge | 1 | |
| Stronghold | 2 | |
| Great Hall | 1 | |
| Fortress | 2 | |
| Spirit Lodge | 1 | |
| Beastiary | 2 | |
| War Mill | 1 | |
18 total
» build order
00:17 Altar of Storms
00:23 Orc Burrow
00:52 Barracks
01:37 Orc Burrow
02:10 Voodoo Lounge
03:14 Stronghold
03:14 Stronghold
05:12 Great Hall
05:43 Fortress
05:43 Fortress
06:10 Spirit Lodge
06:15 Beastiary
06:17 Beastiary
06:48 Orc Burrow
06:53 Orc Burrow
10:40 Orc Burrow
13:48 Orc Burrow
13:54 War Mill
» items
| Healing Salve | 2 | |
| Lesser Clarity Potion | 1 | |
| Scroll of Speed | 1 | |
| Boots of Speed | 1 | |
| Scroll of Protection | 1 | |
| Scroll of Healing | 2 | |
8 total
team 2 (loser)
Kalnos (
purple | 70 APM | 920 actions | 13:03)
3 Archmage
2 Summon Water Elemental
1 Brilliance Aura
1 Mountain King
1 Storm Bolt
» actions
| Basic commands | 34 | |
| Build / train | 42 | |
| Enter build submenu | 13 | |
| Enter hero's abilities submenu | 4 | |
| Give item / drop item | 1 | |
| Right click | 589 | |
| Select / deselect | 195 | |
| Use ability | 42 | |
920 total
» units
| Peasant | 8 | |
| Footman | 6 | |
| Siege Engine | 7 | |
21 total
» upgrades
| Defend | 1 | |
| Barrage | 1 | |
| Gunpowder | 1 | |
| Armor | 1 | |
| Masonry | 1 | |
5 total
» buildings
| Barracks | 1 | |
| Altar of Kings | 1 | |
| Farm | 6 | |
| Scout Tower | 4 | |
| Arcane Tower | 1 | |
| Lumber Mill | 1 | |
| Arcane Vault | 1 | |
| Keep | 2 | |
| Guard Tower | 2 | |
| Castle | 1 | |
| Blacksmith | 1 | |
| Workshop | 2 | |
23 total
» build order
00:12 Barracks
00:21 Altar of Kings
00:35 Farm
00:51 Farm
02:01 Farm
02:08 Scout Tower
02:51 Arcane Tower
02:53 Lumber Mill
03:43 Arcane Vault
03:57 Keep
03:57 Keep
04:43 Scout Tower
04:44 Scout Tower
04:45 Scout Tower
05:12 Guard Tower
06:18 Castle
06:25 Blacksmith
07:40 Guard Tower
07:43 Workshop
08:10 Workshop
08:21 Farm
08:22 Farm
08:23 Farm
» items
| Scroll of Regeneration | 1 | |
| Boots of Speed | 1 | |
| Staff of Teleportation | 1 | |
| Potion of Healing | 1 | |
4 total
JBGarrison72 (
red | 31 APM | 302 actions | 09:52)
2 Far Seer
1 Feral Spirit
1 Chain Lighting
» actions
| Basic commands | 45 | |
| Build / train | 25 | |
| Enter build submenu | 13 | |
| Enter hero's abilities submenu | 2 | |
| Remove unit from queue | 1 | |
| Right click | 104 | |
| Select / deselect | 97 | |
| Use ability | 15 | |
302 total
» units
| Peon | 9 | |
| Grunt | 9 | |
| Troll Headhunter/Berserker | 1 | |
19 total
» upgrades
» buildings
| Orc Burrow | 5 | |
| Altar of Storms | 1 | |
| War Mill | 1 | |
| Barracks | 2 | |
| Stronghold | 1 | |
| Watch Tower | 1 | |
11 total
» build order
00:18 Orc Burrow
00:28 Altar of Storms
01:24 War Mill
01:41 Barracks
01:53 Orc Burrow
02:55 Barracks
03:56 Orc Burrow
06:01 Orc Burrow
07:25 Orc Burrow
09:25 Stronghold
09:29 Watch Tower
Saturnn (
teal | 6 APM | 35 actions | 05:29)
» actions
| Basic commands | 1 | |
| Build / train | 8 | |
| Right click | 14 | |
| Select / deselect | 11 | |
| Use ability | 1 | |
35 total
» units
Chat log
(01:04 / All) .sk: im gay for ur dad
(01:11 / All) JBGarrison72: well okay then
(01:12 / All) .sk: sorry
(01:19 / Allies) Kalnos: classic wc3
(01:22 / Allies) Kalnos: oh well
(01:31 / All) .sk: im sorry daddy
(03:17 / All) JBGarrison72: just curious, what purpose does this serve? to throw games?
(03:25 / All) JBGarrison72: inquiring minds wanna know
(03:29 / All) Kalnos: epic trolls xDDD
(03:37 / All) JBGarrison72: not so epic
(04:18 / Allies) ImHereImQueer69: had to shit
(04:20 / Allies) ImHereImQueer69: back guys
(04:34 / Allies) JBGarrison72: wb
(04:51 / All) JBGarrison72: so is this the high perch text uploade troll thing?
(06:05 / All) ImHereImQueer69: highperch is killed
(06:57 / Allies) ImHereImQueer69: Are you a fan of my work JBG?
(07:04 / Allies) JBGarrison72: uh yeah
(07:08 / All) .sk: gg
(07:13 / All) .sk: well not really
(07:20 / Allies) ImHereImQueer69: Send me your Warcraft 3 box and I'll autograph it for ya
(08:13 / All) ImHereImQueer69: I have lots of hit replays like "pack up your tackle box" and "adele karaoke"
(08:57 / All) ImHereImQueer69: I tried to dip in the African American/Person of Color market with "came at me wrong cuh"